 Seeded DCSS version 0.30-a0-534-gdc55766716 (webtiles) character file.

Game seed: 15565266575585844804 (custom seed)

177 innerfire433 the Trooper (level 5, 0/42 HPs)
             Began as a Demonspawn Monk on Dec 24, 2022.
             Slain by an orc wizard
             ... wielding a +0 dagger
              (4 damage)
             ... on level 4 of the Dungeon.
             The game lasted 00:03:33 (2096 turns).

innerfire433 the Trooper (Demonspawn Monk)          Turns: 2096, Time: 00:03:34

Health: 0/42       AC: 12    Str: 14    XL:     5   Next: 30%
Magic:  5/5        EV:  7    Int: 17    God:
Gold:   175        SH:  0    Dex: 15    Spells: 4/4 levels left

rFire   . . .      SeeInvis .    a - +0 short sword
rCold   . . .      Faith    .    (no shield)
rNeg    . . .      Spirit   .    t - +0 chain mail
rPois   +          Reflect  .    (no helmet)
rElec   .          Harm     .    (no cloak)
rCorr   .          Rampage  .    (no gloves)
Will    .....                    k - +0 pair of boots Stlth
                                 (no amulet)
HPRegen 0.27/turn                g - +6 ring of intelligence
MPRegen 0.18/turn                q - ring of poison resistance

@: no status effects
A: molten scales 1, magic regeneration, demonic touch 1
a: no special abilities


You were on level 4 of the Dungeon.
You visited 1 branch of the dungeon, and saw 4 of its levels.

You collected 175 gold pieces.

Inventory:

Hand Weapons
 a - a +0 short sword (weapon)
Armour
 b - a +0 robe
 k - a +0 pair of boots (worn)
 l - a +0 plate armour
 t - a +0 chain mail (worn)
Jewellery
 g - a +6 ring of intelligence (left hand)
 q - a ring of poison resistance (right hand)
Scrolls
 h - 4 scrolls of identify {unknown}
 i - 2 scrolls of amnesia {unknown}
 m - a scroll of silence {unknown}
 n - a scroll of vulnerability {unknown}
 o - a scroll of teleportation {unknown}
 r - 2 scrolls of fog {unknown}
 s - a scroll of enchant armour {unknown}
 u - a scroll of magic mapping {unknown}
 v - a scroll of blinking {unknown}
Potions
 c - a potion of ambrosia
 d - a potion of flight {unknown}
 e - a potion of brilliance {unknown}
 f - a potion of curing {unknown}
 j - a potion of might {unknown}
 p - 2 potions of lignification {unknown}


   Skills:
 + Level 3.8 Fighting
 + Level 3.3 Short Blades
 * Level 2.7 Armour
 + Level 3.4 Dodging
 - Level 1.7 Stealth


You had 4 spell levels left.
You didn't know any spells.
Your spell library contained the following spells:

 Spells                   Type           Power      Damage    Failure   Level
 Dazzling Flash           Conj/Hex       0%         N/A       100%        3
 Tukima's Dance           Hex            0%         N/A       100%        3
 Ice Form                 Ice/Tmut       0%         N/A       100%        4


Dungeon Overview and Level Annotations

Branches:
Dungeon (4/15)
 Temple: D:4-7

Altars:

Shops:
D:4 :

Annotations:
D:3 2 transporters


Innate Abilities, Weirdness & Mutations

You are partially covered in molten scales. (AC +2)
You regenerate magic rapidly.
Your touch may inflict minor irresistible damage on your foes.


Message History

You miss something. Your touch misses something.
The orc hits you but does no damage. Something hits you but does no damage.
You closely miss something. Your touch misses something.
The orc hits you from afar with a +0 trident.
Something hits you but does no damage.
You closely miss something. The orc hits you but does no damage.
You hear some strange, mumbled words.
A magic dart appears from out of thin air!
The magic dart hits you.
You hit something but do no damage. You hit something.
The orc hits you from afar with a +0 trident.
Something hits you.
You closely miss something. The orc hits you but does no damage.
Something hits you.
You barely miss something.
The orc hits you from afar with a +0 trident.
Something hits you but does no damage.
You closely miss something. Your touch misses something.
The orc hits you but does no damage.
You hear some strange, mumbled words.
You are confused.
The orc suddenly curses, as Orcs often do.
You hit something. The orc barely misses you.
Something hits you but does no damage.
You hit something but do no damage.
You bump into the rock wall.
The orc hits you from afar with a +0 trident.
Something hits you but does no damage.
You miss something. The orc hits you but does no damage.
You hear some strange, mumbled words.
A puff of flame appears from out of thin air!
The puff of flame hits you!
* * * LOW HITPOINT WARNING * * *
You bump into the rock wall.
The orc barely misses you. Something hits you but does no damage.
You closely miss something. Your touch misses something.
You feel less confused. The orc barely misses you. Something hits you.
You die...

#.... #...... ##....
#.....# ##..... #.....#
#...... #.....# ##......
#....∩# #...#... #....#
######..##...
#...########.......#####
.##
#...oo{@.......###.<###
....#####....###########
##...## #.....#).####
###... #..>.## ###.
###.## ## #..o# #......
#......# ##......


You could see 2 orcs.

Vanquished Creatures
  A phantom (D:4)
  An iguana (D:4)
  An adder (D:2)
  A worm (D:2)
  3 orcs
  7 bats
  4 endoplasms
  2 giant cockroaches (D:1)
  4 goblins (D:1)
  7 hobgoblins
  8 jackals
  A quokka (D:3)
  4 ball pythons
  A frilled lizard (D:2)
  6 kobolds
  6 rats
57 creatures vanquished.

Vanquished Creatures (others)
  An orc wizard (D:4)
1 creature vanquished.

Grand Total: 58 creatures vanquished

Notes
Turn   | Place    | Note
-------+----------+-------------------------------------------
     0 | D:1      | innerfire433 the Demonspawn Monk began the quest for the
                  | Orb.
     0 | D:1      | Reached XP level 1. HP: 18/18 MP: 1/1
   117 | D:1      | Got Tekker's Commentary on Moulding and Hexing
   171 | D:1      | Gained mutation: Your touch may inflict minor irresistible
                  | damage on your foes. [demonic ancestry]
   171 | D:1      | Reached XP level 2. HP: 24/24 MP: 2/2
   219 | D:1      | Reached skill level 1 in Armour
   862 | D:2      | Reached XP level 3. HP: 12/29 MP: 3/3
  1067 | D:2      | Found a faded altar of an unknown god.
  1067 | D:2      | Noticed a hellion
  1520 | D:3      | Found a transporter.
  1556 | D:3      | Found a transporter.
  1774 | D:4      | Gained mutation: You are partially covered in molten
                  | scales. (AC +2) [demonic ancestry]
  1774 | D:4      | Reached XP level 4. HP: 35/35 MP: 4/4
  2025 | D:4      | Noticed a phantom
  2028 | D:4      | Found Upsamnoa's Book Boutique.
  2038 | D:4      | Killed a phantom
  2039 | D:4      | Gained mutation: You regenerate magic rapidly. [demonic
                  | ancestry]
  2039 | D:4      | Reached XP level 5. HP: 40/42 MP: 5/5
  2096 | D:4      | Slain by an orc wizard

Illustrated notes

Levels and vault maps discovered:
D:1:      eino_arrival_druids_welcome, layout_loops_ring
D:2:      layout_rooms, dreamdust_ecumenical_altar_sealed_demon,
          minmay_split_cup_large
D:3:      gammafunk_steamed_eel, layout_rooms, chequers_serial_rivers_room_b,
          chequers_jeans
D:4:      layout_cave_pods, nicolae_wu_jian_wuxing_cycle, kennysheep_little_box,
          serial_shops, shop

Skill      XL: |  1  2  3 |
---------------+----------+-----
Armour         | 1 2 |  2.7
Dodging        | 3 |  3.4
Short Blades   | 3 |  3.3
Fighting       | |  3.8
Stealth        | |  1.7

Action                   |  1- 3 |  4- 6 || total
-------------------------+-------+-------++-------
Melee: Short sword       |   177 |    57 ||   234
       Punch             |     2 |       ||     2
       Touch             |    21 |     7 ||    28
 Stab: Sleeping          |     3 |       ||     3
Armor: Robe              |    14 |       ||    14
       Plate armour      |    51 |       ||    51
       Chain mail        |     9 |    37 ||    46
Dodge: Dodged            |    70 |    29 ||    99

Table legend: (Time is in decaauts)
 A = Elapsed time spent in this place.
 B = Non-inter-level travel time spent in this place.
 C = Inter-level travel time spent in this place.
 D = Time resting spent in this place.
 E = Time spent auto-exploring this place.
 F = Levels seen in this place.
 G = Mean time per level.
                   A        B        C        D        E       F      G
               +--------+--------+--------+--------+--------+-----+--------+
         Total |   2059 |   2051 |      8 |      0 |   1539 |   4 |  514.8 |
       Dungeon |   2059 |   2051 |      8 |      0 |   1539 |   4 |  514.8 |
               +--------+--------+--------+--------+--------+-----+--------+

Top non-repeatable levels by time:
     D:1: 808 daAuts
     D:2: 494 daAuts
     D:3: 438 daAuts
     D:4: 318 daAuts
